AoeStats
← lSLIPPYl

MegaRandom

504933625Analyzed
3v3 RM · 26d ago on Sep 7, 2026· 83m 9s· 6 players
Game mode
Random Map
Map size
Normal (6 player)
Population
200
Speed
Normal
Resources
Standard
Victory
Conquest
Starting age
Dark Age
Ending age
Imperial Age
RankedLock teamsTeams togetherTeam positionsShared explorationLock speedFull tech treeHidden civsTurbo modeCheats
Victory
Defeat
🇺🇸 Armenians · United States
766
+20
🇺🇸 Georgians · United States
695
+17
🇺🇸 Teutons · United States
668
+18
🇨🇳 Vikings · China
763
-18
🇺🇸 Burgundians · United States
705
-16
🇺🇸 Britons · United States
685
-15
Stopgriping
7:13 Loom
9:26 Feudal Age
15:02 Castle Age
24:32 Forging
24:28 Scale Mail Armor
28:38 Forging
31:50 Fletching
35:11 Chain Mail Armor
35:33 Iron Casting
35:41 Man-at-Arms
38:38 Long Swordsman
42:18 Two-Handed Swordsman
47:46 Champion
64:16 Imperial Age
62:58 Squires
62:45 Arson
69:16 Plate Mail Armor
69:47 Blast Furnace
72:58 Gambesons
74:28 Padded Archer Armor
76:45 Caravan
Sinister Yankee
11:58 Feudal Age
12:32 Double-Bit Axe
13:17 Town Watch
14:08 Horse Collar
14:45 Gold Mining
16:56 Castle Age
15:24 Stone Mining
16:22 Fletching
17:12 Padded Archer Armor
18:07 Bow Saw
18:05 Bodkin Arrow
18:28 Leather Archer Armor
18:58 Stone Shaft Mining
18:00 Man-at-Arms
19:14 Long Swordsman
20:19 Arson
21:45 Heavy Plow
22:00 Forging
21:51 Scale Mail Armor
22:28 Wheelbarrow
21:53 Crossbowman
23:00 Gambesons
24:19 Hand Cart
24:45 Squires
25:41 Chain Mail Armor
27:55 Iron Casting
29:54 Town Patrol
29:40 Elite Skirmisher
31:41 Caravan
34:03 Loom
34:32 Scale Barding Armor
37:04 Imperial Age
37:05 Ballistics
36:57 Fortified Wall
36:58 Masonry
36:39 Guard Tower
38:14 Capped Ram
40:31 Conscription
42:13 Blast Furnace
41:44 Plate Mail Armor
41:44 Ring Archer Armor
43:05 Elite Teutonic Knight
45:14 Crop Rotation
45:26 Crenellations
46:42 Chemistry
45:28 Arrowslits
45:41 Two-Handed Swordsman
46:39 Onager
47:49 Ironclad
49:42 Chain Barding Armor
51:22 Hoardings
52:09 Champion
58:19 Two-Man Saw
71:33 Plate Barding Armor
71:15 Redemption
71:32 Illumination
71:23 Block Printing
73:05 Keep
72:51 Bombard Tower
72:37 Siege Engineers
72:23 Heated Shot
72:39 Siphons
72:45 Clinker Construction
72:46 Careening
73:09 Coinage
72:50 Guilds
73:16 Sanctity
72:32 Cavalier
73:23 Bloodlines
74:31 Sappers
79:32 Spies/Treason
lSLIPPYl
6:11 Loom
9:25 Feudal Age
10:45 Wheelbarrow
10:43 Double-Bit Axe
11:47 Bloodlines
19:30 Castle Age
21:34 Hand Cart
22:06 Caravan
27:28 Gold Mining
37:28 Redemption
41:03 Imperial Age
41:14 Capped Ram
41:39 Elite Skirmisher
44:23 Conscription
45:01 Elite Monaspa
61:41 Chemistry
60:40 Murder Holes
60:57 Fortified Wall
61:52 Husbandry
61:14 Light Cavalry
61:57 Siege Ram
66:16 Scale Barding Armor
66:22 Forging
67:58 Chain Barding Armor
68:22 Iron Casting
68:07 Aznauri Cavalry
69:54 Plate Barding Armor
69:45 Bow Saw
69:25 Stone Mining
72:40 Pikeman
72:44 Hussar
75:13 Blast Furnace
74:15 Padded Archer Armor
74:06 Fletching
74:46 Svan Towers
77:40 Spies/Treason
78:51 Scale Mail Armor
79:07 Leather Archer Armor
78:47 Bodkin Arrow
81:37 Stone Shaft Mining
81:45 Ballistics
81:37 Masonry
81:33 Siege Engineers
81:15 Arrowslits
81:14 Treadmill Crane
81:52 Halberdier
82:19 Gambesons
82:35 Squires
82:20 Arson
83:07 Sanctity
82:59 Fervor
83:05 Block Printing
longbow900
9:30 Feudal Age
15:14 Castle Age
13:55 Loom
18:45 Wheelbarrow
17:59 Double-Bit Axe
27:15 Padded Archer Armor
35:41 Hand Cart
41:18 Fletching
41:57 Treadmill Crane
50:28 Masonry
waxahn
6:09 Wheelbarrow
9:17 Feudal Age
8:00 Double-Bit Axe
9:06 Gold Mining
12:37 Bow Saw
13:32 Hand Cart
15:23 Gold Shaft Mining
22:04 Castle Age
21:59 Arson
24:02 Man-at-Arms
24:45 Squires
25:34 Forging
26:22 Scale Mail Armor
25:55 Long Swordsman
26:01 Crossbowman
26:05 Elite Skirmisher
28:14 Iron Casting
75:17 Town Watch
AUFSTAND
9:05 Feudal Age
16:20 Castle Age
14:45 Double-Bit Axe
17:53 Stone Mining
19:48 Man-at-Arms
20:32 Squires
20:19 Arson
21:09 Pikeman
22:12 Horse Collar
23:43 Forging
25:23 Loom
25:53 Treadmill Crane
26:29 Masonry
26:37 Heavy Plow
27:28 Chieftains
31:12 Fletching
31:22 Padded Archer Armor
36:10 Iron Casting
35:37 Scale Mail Armor
35:31 Elite Skirmisher
36:58 Bodkin Arrow
40:06 Leather Archer Armor
40:38 Crossbowman
43:23 Gold Mining
44:21 Ballistics
49:59 Chain Mail Armor
52:37 Imperial Age
53:51 Conscription
53:04 Arbalester
55:11 Chemistry
55:47 Plate Mail Armor
57:06 Bogsveigar
Connection lost

Rejoining the realm…

Still unreachable

The connection could not be restored.

Session expired

The server has moved on; the page needs a fresh start.